cohdb
Replays
Latest Replays
All Replays
Popular Replays
Top Player Replays
Match Explorer
How It Works
Community
CoH3 Stats
Reddit
Sign in to upload your games and track your stats! →
Sign in with Steam
Match 43459218
Unlisted
Match 43459218
Overview
Messages
Build Orders
End
Royal Engineer Section
Construct Section Command Post
Selects Heavy Armor Battlegroup
Dingo Light Scout Car
Infantry Section
Infantry Section
Infantry Section
Selects Light Vehicle Withdraw and Refit
Selects Rigorous Vehicle Training
Construct Platoon Command Post
Unlock M3 Stuart Light Tanks
M3 Stuart Light Tank
Construct Field Infirmary
M3 Stuart Light Tank
Selects Radio Net
Grenade Package
Infantry Training
Light Vehicle Training
Infantry Section
Infantry Section
Construct Company Command Post
Selects Designate Targets
Selects Forward Repair Assembly
Crusader II Medium Tank
Crusader II Medium Tank
Vickers Machine Gun Team
Crusader II Medium Tank
Crusader II Medium Tank
Crusader II Medium Tank
Foot Guards Section
Foot Guards Section
Nenn mich Alex
Willaguy
0
0
Comments
sign in to comment!
No comments posted yet!